TOP OF THE 1ST |
Bismark Border Guards batting - Pitching for Menlo Maniacs : LHP Steven England
|
Pitching: LHP Steven England
|
|
Batting: RHB Jeremy Carr
|
0-0: Fly out, F9 (Flyball, 89M)
|
Batting: LHB Jim Jensen
|
0-0: Ball 1-0: Ball 2-0: Called Strike 2-1: Ball 3-1: Called Strike 3-2: TRIPLE (Flyball, 89XD)
|
Batting: LHB Júlio Colón
|
0-0: Called Strike 0-1: Ball 1-1: Ball 2-1: Foul Ball, location: 2F 2-2: Strikes out swinging
|
Batting: RHB José Cintrón
|
0-0: Ball 1-0: Called Strike Error on foul ball, E3 1-2: Ball 2-2: Strikes out swinging
|
Top of the 1st over - 0 run(s), 1 hit(s), 1 error(s), 1 left on base; Bismark 0 - Menlo 0 |
BOTTOM OF THE 1ST |
Menlo Maniacs batting - Pitching for Bismark Border Guards : RHP Jae-hyun Ch'oe
|
Pitching: RHP Jae-hyun Ch'oe
|
|
Batting: RHB Lonnie Anderson
|
0-0: Called Strike 0-1: Called Strike 0-2: Strikes out swinging
|
Batting: RHB Steve Sampson
|
0-0: Ball 1-0: Ball 2-0: Ball 3-0: Base on Balls
|
Batting: LHB Warren Potter
|
0-0: Ball 1-0: Called Strike 1-1: Foul Ball, location: 2F 1-2: SINGLE (Groundball, 34D) Steve Sampson to second
|
Batting: LHB Roger Moore
|
0-0: Ball 1-0: Ball 2-0: Foul Ball, location: 2F 2-1: Fly out, F4 (Popup, 4D)
|
Batting: RHB Philip Burke
|
0-0: Called Strike 0-1: Ball 1-1: Fielders Choice at 2nd, U6 (Groundball, 6M)
|
Bottom of the 1st over - 0 run(s), 1 hit(s), 0 error(s), 2 left on base; Bismark 0 - Menlo 0 |
TOP OF THE 2ND |
Bismark Border Guards batting - Pitching for Menlo Maniacs : LHP Steven England
|
Batting: RHB Mike Wright
|
0-0: Called Strike 0-1: Called Strike 0-2: Foul Ball, location: 2F 0-2: Fly out, F7 (Flyball, 7M)
|
Batting: LHB Norbert Mosley
|
0-0: Called Strike 0-1: Ground out 6-3 (Groundball, 6M)
|
Batting: LHB Nelson Peńa
|
0-0: Swinging Strike 0-1: Ball 1-1: Foul Ball, location: 2F 1-2: Strikes out swinging
|
Top of the 2nd over - 0 run(s), 0 hit(s), 0 error(s), 0 left on base; Bismark 0 - Menlo 0 |
BOTTOM OF THE 2ND |
Menlo Maniacs batting - Pitching for Bismark Border Guards : RHP Jae-hyun Ch'oe
|
Batting: LHB Marcos Pérez
|
0-0: Ball 1-0: Ball 2-0: Ball 3-0: Base on Balls
|
Batting: RHB Juan Duarte
|
0-0: Called Strike 0-1: Called Strike 0-2: Ball 1-2: Strikes out swinging
|
Batting: RHB Ernest Russell
|
0-0: Ball 1-0: Fly out, F5 (Popup, 5DF)
|
Batting: RHB Vicente Martínez
|
0-0: Ball 1-0: Ball 2-0: Called Strike 2-1: Swinging Strike 2-2: Strikes out swinging
|
Bottom of the 2nd over - 0 run(s), 0 hit(s), 0 error(s), 1 left on base; Bismark 0 - Menlo 0 |
TOP OF THE 3RD |
Bismark Border Guards batting - Pitching for Menlo Maniacs : LHP Steven England
|
Batting: RHB Salvador Borbón
|
0-0: Called Strike 0-1: Swinging Strike 0-2: Ball 1-2: Ball 2-2: Ball 3-2: Base on Balls
|
Batting: RHB Aaron Holt
|
0-0: Ball 1-0: Foul Ball, location: 2F 1-1: DOUBLE (Groundball, 5L) Salvador Borbón to third
|
Batting: RHB Jeremy Carr
|
0-0: Ball 1-0: Fly out, F4 (Line Drive, 4)
|
Batting: LHB Jim Jensen
|
0-0: Ball 1-0: Foul Ball, location: 2F 1-1: Ball 2-1: Swinging Strike 2-2: Foul Ball, location: 2F 2-2: Ball 3-2: Fly out, F8 (Flyball, 8LM)
|
Batting: LHB Júlio Colón
|
0-0: Ground out U3 (Groundball, 3S)
|
Top of the 3rd over - 0 run(s), 1 hit(s), 0 error(s), 2 left on base; Bismark 0 - Menlo 0 |
BOTTOM OF THE 3RD |
Menlo Maniacs batting - Pitching for Bismark Border Guards : RHP Jae-hyun Ch'oe
|
Batting: RHB Lonnie Anderson
|
0-0: Ball 1-0: Foul Ball, location: 2F 1-1: Swinging Strike 1-2: SINGLE (Line Drive, 6MD)
|
Batting: RHB Steve Sampson
|
0-0: Ball 1-0: Ball 2-0: Ball 3-0: Called Strike 3-1: Fly out, F7 (Flyball, 78M)
|
Batting: LHB Warren Potter
|
0-0: Ball 1-0: Ball 2-0: Fly out, F7 (Flyball, 7M)
|
Batting: LHB Roger Moore
|
0-0: Ball 1-0: Called Strike 1-1: Swinging Strike Balk! Lonnie Anderson to second 1-2: Ball 2-2: Ball 3-2: Foul Ball, location: 2F 3-2: TRIPLE (Line Drive, 89XD) Lonnie Anderson scores
|
Batting: RHB Philip Burke
|
0-0: Ball 1-0: Called Strike 1-1: Foul Ball, location: 2F 1-2: 2-RUN HOME RUN (Flyball, 7D), Distance : 385 ft
|
Batting: LHB Marcos Pérez
|
0-0: Ball 1-0: Foul Ball, location: 2F 1-1: Ball 2-1: Ground out 6-3 (Groundball, 6)
|
Bottom of the 3rd over - 3 run(s), 3 hit(s), 0 error(s), 0 left on base; Bismark 0 - Menlo 3 |
TOP OF THE 4TH |
Bismark Border Guards batting - Pitching for Menlo Maniacs : LHP Steven England
|
Batting: RHB José Cintrón
|
0-0: Ball 1-0: Ball 2-0: SINGLE (Line Drive, 4D)
|
Batting: RHB Mike Wright
|
0-0: Ball 1-0: Ball 2-0: Ball 3-0: Base on Balls José Cintrón to second
|
Batting: LHB Norbert Mosley
|
0-0: Grounds into double play, U4-3 (Groundball, 4) José Cintrón to third
|
Batting: LHB Nelson Peńa
|
0-0: Called Strike 0-1: Ball 1-1: Ground out 4-3 (Groundball, 4)
|
Top of the 4th over - 0 run(s), 1 hit(s), 0 error(s), 1 left on base; Bismark 0 - Menlo 3 |
BOTTOM OF THE 4TH |
Menlo Maniacs batting - Pitching for Bismark Border Guards : RHP Jae-hyun Ch'oe
|
Batting: RHB Juan Duarte
|
0-0: Ball 1-0: Ground out 6-3 (Groundball, 6M)
|
Batting: RHB Ernest Russell
|
0-0: Ball 1-0: Ball 2-0: Swinging Strike 2-1: Ball 3-1: Called Strike 3-2: Base on Balls
|
Batting: RHB Vicente Martínez
|
0-0: Ball 1-0: Called Strike 1-1: Called Strike 1-2: Ball 2-2: Strikes out swinging
|
Batting: RHB Lonnie Anderson
|
0-0: Swinging Strike 0-1: Ball 1-1: Called Strike 1-2: Foul Ball, location: 2F 1-2: Foul Ball, location: 2F Single, Error in OF, E8, batter to second base Ernest Russell to third
|
Batting: RHB Steve Sampson
|
0-0: Called Strike 0-1: Foul Ball, location: 2F 0-2: Strikes out looking
|
Bottom of the 4th over - 0 run(s), 1 hit(s), 1 error(s), 2 left on base; Bismark 0 - Menlo 3 |
TOP OF THE 5TH |
Bismark Border Guards batting - Pitching for Menlo Maniacs : LHP Steven England
|
Batting: RHB Salvador Borbón
|
0-0: Ball 1-0: Ball 2-0: Ball 3-0: Foul Ball, location: 2F 3-1: Called Strike 3-2: Foul Ball, location: 2F 3-2: SINGLE (Groundball, 56D)
|
Batting: RHB Aaron Holt
|
0-0: Ball 1-0: Foul Ball, location: 2F 1-1: Swinging Strike 1-2: Grounds into double play, 5-4-3 (Groundball, 5)
|
Batting: RHB Jeremy Carr
|
0-0: SINGLE (Groundball, 4MD) (infield hit)
|
Batting: LHB Jim Jensen
|
0-0: Ball 1-0: Called Strike 1-1: Ball 2-1: SINGLE (Flyball, 78S) Jeremy Carr to second
|
Batting: LHB Júlio Colón
|
0-0: Called Strike 0-1: Swinging Strike 0-2: Foul Ball, location: 2F 0-2: Ball 1-2: SINGLE (Line Drive, 56D) Jeremy Carr to third Jim Jensen to second Runner from 3rd tries for Home, SAFE, no throw or cutoff
|
Batting: RHB José Cintrón
|
0-0: Foul Ball, location: 2F 0-1: Called Strike 0-2: Strikes out swinging
|
Top of the 5th over - 1 run(s), 4 hit(s), 0 error(s), 2 left on base; Bismark 1 - Menlo 3 |
BOTTOM OF THE 5TH |
Menlo Maniacs batting - Pitching for Bismark Border Guards : RHP Jae-hyun Ch'oe
|
Batting: LHB Warren Potter
|
0-0: Swinging Strike 0-1: Ball 1-1: Foul Ball, location: 2F 1-2: Ball 2-2: Ball 3-2: Strikes out swinging
|
Batting: LHB Roger Moore
|
0-0: Called Strike 0-1: Ball 1-1: SOLO HOME RUN (Flyball, 8LXD), Distance : 427 ft
|
Batting: RHB Philip Burke
|
0-0: Called Strike 0-1: Ball 1-1: Swinging Strike 1-2: SINGLE (Groundball, 6MD)
|
Pitching: RHP Júlio Quintana
|
|
Batting: LHB Marcos Pérez
|
0-0: Ball 1-0: Foul Ball, location: 2F 1-1: Ball 2-1: Swinging Strike 2-2: Strikes out swinging
|
Batting: RHB Juan Duarte
|
0-0: Ball 1-0: Fielders Choice at 2nd, U4 (Groundball, 4M)
|
Bottom of the 5th over - 1 run(s), 2 hit(s), 0 error(s), 1 left on base; Bismark 1 - Menlo 4 |
TOP OF THE 6TH |
Bismark Border Guards batting - Pitching for Menlo Maniacs : LHP Steven England
|
Batting: RHB Mike Wright
|
0-0: Called Strike 0-1: Ground out 5-3 (Groundball, 56S)
|
Batting: LHB Norbert Mosley
|
0-0: Called Strike 0-1: Ball 1-1: Ball 2-1: Fly out, F4 (Popup, 4M)
|
Batting: LHB Nelson Peńa
|
0-0: Called Strike 0-1: Swinging Strike 0-2: Foul Ball, location: 2F 0-2: SINGLE (Groundball, 34)
|
Batting: RHB Salvador Borbón
|
0-0: Called Strike 0-1: Foul Ball, location: 2F 0-2: Ball 1-2: SINGLE (Line Drive, 4M) Nelson Peńa to second
|
Pitching: RHP Jorge Luna
|
|
Batting: RHB Aaron Holt
|
0-0: Ball 1-0: Ball 2-0: Ball 3-0: Called Strike 3-1: Foul Ball, location: 2F 3-2: Base on Balls Nelson Peńa to third Salvador Borbón to second
|
Batting: RHB Jeremy Carr
|
0-0: Ball 1-0: Ball 2-0: Foul Ball, location: 2F 2-1: Called Strike 2-2: Foul Ball, location: 2F 2-2: Ball 3-2: Fly out, F4 (Popup, 9LS)
|
Top of the 6th over - 0 run(s), 2 hit(s), 0 error(s), 3 left on base; Bismark 1 - Menlo 4 |
BOTTOM OF THE 6TH |
Menlo Maniacs batting - Pitching for Bismark Border Guards : RHP Júlio Quintana
|
Batting: RHB Ernest Russell
|
0-0: Ball 1-0: Ground out 4-3 (Groundball, 4)
|
Batting: RHB Vicente Martínez
|
0-0: Called Strike 0-1: Foul Ball, location: 2F 0-2: Strikes out swinging
|
Batting: RHB Lonnie Anderson
|
0-0: Called Strike 0-1: Fly out, F6 (Popup, 6D)
|
Bottom of the 6th over - 0 run(s), 0 hit(s), 0 error(s), 0 left on base; Bismark 1 - Menlo 4 |
TOP OF THE 7TH |
Bismark Border Guards batting - Pitching for Menlo Maniacs : RHP Jorge Luna
|
Batting: LHB Jim Jensen
|
0-0: Foul Ball, location: 2F 0-1: Called Strike 0-2: DOUBLE (Line Drive, 89XD)
|
Batting: LHB Júlio Colón
|
0-0: Called Strike 0-1: Fly out, F5 (Popup, 25F)
|
Batting: RHB José Cintrón
|
0-0: Ball 1-0: Foul Ball, location: 2F 1-1: Ball 2-1: Ball 3-1: Base on Balls
|
Batting: RHB Mike Wright
|
0-0: Ball 1-0: Ball 2-0: Ball 3-0: Base on Balls Jim Jensen to third José Cintrón to second
|
Pinch Hitting: LHB Rusty Herbert
|
0-0: Called Strike 0-1: Fly out, F7 (Flyball, 7LM)
|
Batting: LHB Nelson Peńa
|
0-0: Ball 1-0: GRAND SLAM HOME RUN (Line Drive, 8RXD), Distance : 437 ft
|
Batting: RHB Salvador Borbón
|
0-0: SINGLE (Groundball, 6MD)
|
Pitching: RHP Thatcher Smith
|
|
Pinch Hitting: RHB Pedro Rodríguez
|
0-0: Called Strike Salvador Borbón steals 2nd base 0-1: Ball 1-1: Ball 2-1: Swinging Strike 2-2: Strikes out swinging
|
Top of the 7th over - 4 run(s), 3 hit(s), 0 error(s), 1 left on base; Bismark 5 - Menlo 4 |
BOTTOM OF THE 7TH |
Menlo Maniacs batting - Pitching for Bismark Border Guards : RHP Júlio Quintana
|
Now at 3B: Pedro Rodríguez
|
|
Now in CF: Enrique Mendoza
|
|
Batting: RHB Steve Sampson
|
0-0: Called Strike 0-1: Ball 1-1: Ball 2-1: Ground out 5-3 (Groundball, 5S)
|
Pitching: RHP Beau Murphy
|
|
Batting: LHB Warren Potter
|
0-0: Called Strike 0-1: Ball 1-1: Ball 2-1: Fly out, F8 (Flyball, 8RXD)
|
Batting: LHB Roger Moore
|
0-0: Called Strike 0-1: Fly out, F9 (Flyball, 89D)
|
Bottom of the 7th over - 0 run(s), 0 hit(s), 0 error(s), 0 left on base; Bismark 5 - Menlo 4 |
TOP OF THE 8TH |
Bismark Border Guards batting - Pitching for Menlo Maniacs : RHP Thatcher Smith
|
Batting: RHB Jeremy Carr
|
0-0: Ball 1-0: Called Strike 1-1: Swinging Strike 1-2: Ball 2-2: Ball 3-2: Foul Ball, location: 2F 3-2: Foul Ball, location: 2F 3-2: Strikes out swinging
|
Batting: LHB Jim Jensen
|
0-0: Foul Ball, location: 2F 0-1: Ball 1-1: Fly out, F7 (Flyball, 7LSF)
|
Batting: LHB Júlio Colón
|
0-0: Ball 1-0: Ball 2-0: Foul Ball, location: 2F 2-1: Ball 3-1: Swinging Strike 3-2: Base on Balls
|
Batting: RHB José Cintrón
|
0-0: Ground out 1-3 (Groundball, 4M)
|
Top of the 8th over - 0 run(s), 0 hit(s), 0 error(s), 1 left on base; Bismark 5 - Menlo 4 |
BOTTOM OF THE 8TH |
Menlo Maniacs batting - Pitching for Bismark Border Guards : RHP Beau Murphy
|
Batting: RHB Philip Burke
|
0-0: SOLO HOME RUN (Line Drive, 7D), Distance : 394 ft
|
Batting: LHB Marcos Pérez
|
0-0: Ball 1-0: Called Strike 1-1: Swinging Strike 1-2: Foul Ball, location: 2F 1-2: Ball 2-2: Foul Ball, location: 2F 2-2: Foul Ball, location: 2F 2-2: Hit by Pitch
|
Pitching: LHP Jeff Stevenson
|
|
Pinch Runner at 1st Jim Weaver:
|
|
Batting: RHB Juan Duarte
|
0-0: Called Strike 0-1: Ball 1-1: Fielders Choice at 2nd, 4-6 (Groundball, 34)
|
Pinch Hitting: RHB Chan-u O
|
0-0: Ball 1-0: Ball 2-0: Ball 3-0: Base on Balls Juan Duarte to second
|
Batting: RHB Vicente Martínez
|
0-0: Foul Ball, location: 2F 0-1: Ball Juan Duarte steals 3rd base Chan-u O to second 1-1: Foul Ball, location: 2F 1-2: Foul Ball, location: 2F 1-2: Ground out U3 (Groundball, 3F)
|
Batting: RHB Lonnie Anderson
|
0-0: Ball 1-0: Ball 2-0: Foul Ball, location: 2F 2-1: DOUBLE (Flyball, 89M) Juan Duarte scores Chan-u O scores
|
Batting: RHB Steve Sampson
|
0-0: Ball 1-0: Ball 2-0: Called Strike 2-1: Ball 3-1: Swinging Strike 3-2: Strikes out swinging
|
Bottom of the 8th over - 3 run(s), 2 hit(s), 0 error(s), 1 left on base; Bismark 5 - Menlo 7 |
TOP OF THE 9TH |
Bismark Border Guards batting - Pitching for Menlo Maniacs : RHP Thatcher Smith
|
Pitching: RHP Manny Maldonado
|
|
Now at 3B: Jesús Cuevas
|
|
Now in CF: Jim Weaver
|
|
Batting: RHB Mike Wright
|
0-0: Called Strike 0-1: Swinging Strike 0-2: Foul Ball, location: 2F 0-2: Foul Ball, location: 2F 0-2: Strikes out swinging
|
Batting: RHB Enrique Mendoza
|
0-0: Ground out 4-3 (Groundball, 34)
|
Batting: LHB Nelson Peńa
|
0-0: Ball 1-0: Ball 2-0: Ball 3-0: Called Strike 3-1: Called Strike 3-2: Strikes out looking
|
Top of the 9th over - 0 run(s), 0 hit(s), 0 error(s), 0 left on base; Bismark 5 - Menlo 7 |
|